 Dungeon Crawl Stone Soup version 0.29.1-2-gbd0b4ee654 (webtiles) character file.

Game seed: 318017437318439240

81 Icepheonix32 the Insei (level 4, 0/28 HPs)
             Began as an Octopode Transmuter on Nov 17, 2022.
             Slain by an orc priest
             ... wielding a +0 trident
              (5 damage)
             ... on level 3 of the Dungeon.
             The game lasted 00:01:15 (1863 turns).

Icepheonix32 the Insei (Octopode Transmuter)        Turns: 1863, Time: 00:01:16

Health: 0/28       AC:  1    Str: 11    XL:     4   Next: 42%
Magic:  6/7        EV: 13    Int: 15    God:
Gold:   95         SH:  0    Dex: 12    Spells: 6/7 levels left

rFire   . . .      SeeInvis .     - Unarmed
rCold   . . .      Faith    .   (no shield)
rNeg    . . .      Spirit   .   (helmet currently unavailable)
rPois   .          Reflect  .   (no amulet)
rElec   .          Harm     .   (no ring)
rCorr   .          Rampage  .   (no ring)
Will    .....                   (no ring)
Stlth   +++.......              (no ring)
HPRegen 0.09/turn               (no ring)
MPRegen 0.10/turn               (no ring)
                                (no ring)
                                (no ring)

@: appendages (expiring)
A: tentacle spike 3, almost no armour, amphibious, 8 rings, camouflage 1,
gelatinous body 1, (nimble swimmer 1), tentacles
a: End Transformation


You were on level 3 of the Dungeon.
One of your tentacles had grown a beastly spike.
You visited 1 branch of the dungeon, and saw 3 of its levels.

You collected 95 gold pieces.

Inventory:

Missiles
 h - a throwing net
Scrolls
 b - a scroll of teleportation {unknown}
 e - a scroll of summoning {unknown}
 f - a scroll of noise {unknown}
 g - a scroll of identify {unknown}
 k - 2 scrolls of enchant armour {unknown}
Potions
 a - a potion of lignification
 c - a potion of haste {unknown}
 d - a potion of berserk rage {unknown}
 i - a potion of degeneration {unknown}
 j - a potion of heal wounds {unknown}


   Skills:
 + Level 1.0 Fighting
 * Level 2.4 Dodging
 + Level 1.7 Stealth
 + Level 3.7 Unarmed Combat
 + Level 2.3 Spellcasting
 * Level 2.8 Transmutations


You had 6 spell levels left.
You knew the following spells:

 Your Spells              Type           Power      Damage    Failure   Level
a - Beastly Appendage     Tmut           20%        N/A       7%          1

Your spell library contained the following spells:

 Spells                   Type           Power      Damage    Failure   Level
 Wereblood                Tmut           10%        N/A       10%         2
 Spider Form              Tmut/Pois      6%         N/A       34%         3
 Ice Form                 Ice/Tmut       6%         N/A       75%         4


Dungeon Overview and Level Annotations

Branches:
Dungeon (3/15)

Altars:

Shops:
D:3 [


Innate Abilities, Weirdness & Mutations

One of your tentacles has grown a beastly spike.
You cannot wear most types of armour.
You are amphibious.
You can wear up to eight rings at the same time.
Your skin changes colour to match your surroundings (Stealth+).
Your rubbery body absorbs attacks. (AC +1, EV +1)
((You are camouflaged when in or above water. (Stealth+)))
You have tentacles for arms and can constrict up to eight enemies at once.


Message History

You tentacle-slap the orc priest. You grab the orc priest.
You pierce the orc priest.
You squeeze the orc priest.
You kill the orc priest!
You have reached level 4!
Unknown command.
The orc closely misses you.
An orc priest comes into view. It is wielding a +0 trident.
Things that are here:
a +0 dagger; an orc corpse You tentacle-slap the orc but do no damage.
You grab the orc. Your squeeze misses the orc. You constrict the orc.
The orc barely misses you.
You tentacle-slap the orc. You squeeze the orc.
The orc is heavily wounded.
You constrict the orc. The orc hits you with a +0 mace!
You tentacle-slap the orc.
You kill the orc!
The orc priest calls down the wrath of Beogh upon you.
Beogh smites you!
Things that are here:
a +0 mace; an orc corpse You tentacle-slap the orc priest.
Your grab misses the orc priest.
Your tentacle spike misses the orc priest.
You squeeze the orc priest.
The orc priest is heavily wounded.
Your transformation is almost over.
The orc priest completely misses you.
You barely miss the orc priest. You grab the orc priest.
The orc priest is heavily wounded.
You constrict the orc priest, but do no damage.
The orc priest hits you with a +0 trident.
* * * LOW HITPOINT WARNING * * *
A ball python comes into view.
You tentacle-slap the orc priest but do no damage.
You pierce the orc priest, but do no damage.
You squeeze the orc priest, but do no damage.
The orc priest is heavily wounded.
You constrict the orc priest, but do no damage.
The orc priest hits you with a +0 trident.
You die...

.....S ..#
.#...... #
....#..#
#.#......#
#.#...#.#
....... #.o.#
#.@.#
.######.).######
#...........>...
.............###
#.....)......#
######...####
##.....##
#.#...#.#
##.....##


You could see an orc priest and a ball python.

Vanquished Creatures
  An orc priest (D:3)
  An adder (D:2)
  A gnoll (D:1)
  A dart slug (D:1)
  2 orcs (D:3)
  4 ball pythons
  An endoplasm (D:1)
  A giant cockroach (D:1)
  4 goblins
  2 hobgoblins (D:1)
  2 jackals (D:1)
  4 bats
  2 frilled lizards
  3 kobolds
  2 rats
31 creatures vanquished.

Notes
Turn   | Place    | Note
-------+----------+-------------------------------------------
     0 | D:1      | Icepheonix32 the Octopode Transmuter began the quest for
                  | the Orb.
     0 | D:1      | Reached XP level 1. HP: 13/13 MP: 3/3
   343 | D:1      | Reached XP level 2. HP: 14/18 MP: 3/5
   430 | D:1      | Found a faded altar of an unknown god.
   943 | D:1      | Reached XP level 3. HP: 16/23 MP: 4/6
  1282 | D:2      | Reached skill level 1 in Stealth
  1803 | D:3      | Found Lume's Armour Emporium.
  1856 | D:3      | Reached XP level 4. HP: 28/28 MP: 5/7
  1863 | D:3      | Slain by an orc priest

Illustrated notes

Levels and vault maps discovered:
D:1:      onia_arrival_pyramid, layout_rooms,
          shapermc_ecumenical_altar_mp_vishouse, serial_forest,
          infiniplex_forest_zigzag_1, infiniplex_forest_end_3,
          infiniplex_forest_clump_small, infiniplex_forest_straight_2,
          infiniplex_forest_clump_C, infiniplex_forest_corner_1,
          infiniplex_forest_straight_4, infiniplex_forest_lined_2
D:2:      layout_basic, minmay_misc_feat_doors, minmay_tetromino_l2
D:3:      layout_loops_cross, nicolae_yredelemnul_corpse_copse, serial_shops,
          nicolae_lakefront_shop, nicolae_shop_bloodbath_and_beyond,
          nicolae_shop_hallway_stairs, shop, pf_guarded_unrand_delatra

Skill      XL: |  1  2  3 |
---------------+----------+-----
Stealth        | 1 |  1.7
Fighting       | |  1.0
Dodging        | |  2.4
Unarmed Combat | |  3.7
Spellcasting   | |  2.3
Transmutations | |  2.8

Action                   |  1- 3 |  4- 6 || total
-------------------------+-------+-------++-------
Melee: Unarmed           |    53 |     6 ||    59
       Constrict         |    17 |     2 ||    19
       Kick              |    20 |     1 ||    21
       Tentacles         |     7 |     3 ||    10
       Punch             |     3 |       ||     3
 Cast: Beastly Appendage |    20 |       ||    20
 Stab: Sleeping          |     4 |       ||     4
Armor: Skin              |    10 |       ||    10
Dodge: Dodged            |    28 |     3 ||    31
